 Dungeon Crawl Stone Soup version 0.25.0-9-g26727b657a (webtiles) character file.

Game seed: 10913544383203600670

730 MisterFreud the Cudgeler (level 7, -1/44 HPs)
             Began as a Gargoyle Monk on June 18, 2020.
             Killed by divine providence
             ... invoked by an orc priest
              (17 damage)
             ... on level 4 of the Dungeon.
             The game lasted 00:05:40 (4791 turns).

MisterFreud the Cudgeler (Gargoyle Monk)            Turns: 4791, Time: 00:05:41

Health: -1/44      AC: 14    Str: 16    XL:     7   Next: 73%
Magic:  7/7        EV:  8    Int: 11    God:
Gold:   137        SH:  0    Dex: 18    Spells: 6/6 levels left

rFire    . . .     SeeInvis .   r - +2 flail (drain)
rCold    . . .     Gourm    .   (no shield)
rNeg     + . .     Faith    .   p - +0 chain mail
rPois    ∞         Spirit   .   (no helmet)
rElec    +         Reflect  .   (no cloak)
rCorr    .         Harm     .   (no gloves)
MR       .....                  (no boots)
Stlth    ..........             (no amulet)
HPRegen  0.14/turn              o - +6 ring of dexterity
MPRegen  0.10/turn              (no ring)

@: no status effects
A: negative energy resistance 1, electricity resistance, unbreathing,
petrification resistance, rot immunity, AC +4
a: no special abilities


You were on level 4 of the Dungeon.
You were not hungry.

You visited 1 branch of the dungeon, and saw 4 of its levels.

You collected 137 gold pieces.

Inventory:

Hand Weapons
 a - a +0 mace
 r - a +2 flail of draining (weapon)
Missiles
 l - 21 boomerangs (quivered)
Armour
 b - a +0 robe
 p - a +0 chain mail (worn)
Jewellery
 o - a +6 ring of dexterity (left hand)
 t - an uncursed ring of fire
Scrolls
 e - 4 scrolls of remove curse {unknown}
 j - a scroll of immolation {unknown}
 k - 4 scrolls of teleportation {unknown}
 m - a scroll of blinking {unknown}
 n - 9 scrolls of identify {unknown}
Potions
 d - 2 potions of curing
 f - a potion of cancellation {unknown}
 g - a potion of lignification {unknown}
 h - 3 potions of might {unknown}
 i - 2 potions of haste {unknown}
 q - a potion of heal wounds {unknown}
Comestibles
 c - 9 rations
 s - a chunk of flesh


   Skills:
 - Level 5.0 Fighting
 + Level 6.5 Maces & Flails
 - Level 5.0 Armour
 - Level 2.4 Dodging
 - Level 2.1 Stealth


You had 6 spell levels left.
You didn't know any spells.
Your spell library contained the following spells:

 Spells                   Type           Power        Failure   Level  Hunger
 Beastly Appendage        Tmut           #.....       99%         1    ##.....
 Sticks to Snakes         Tmut           #.......     100%        2    ###....
 Spider Form              Tmut/Pois      #.........   100%        3    ####...
 Ice Form                 Ice/Tmut       #.......     100%        4    #####..
 Blade Hands              Tmut           #.........   100%        5    ######.


Dungeon Overview and Level Annotations

Branches:
Dungeon (4/15)
 Temple: D:4-7

Altars:
Gozag
Zin


Innate Abilities, Weirdness & Mutations

You are resistant to torment.
Your stone body is resilient. (AC +4)
You are immune to poison.
You resist negative energy. (rN+)
You are resistant to electric shocks. (rElec)
You can survive without breathing.
You are immune to petrification.
You are immune to rotting.


Message History

Unknown command.
You sock the orc!
You kill the orc!
The orc priest casts a cantrip, but nothing happens.
Your chain mail prevents you from hitting the orc.
The orc barely misses you.
You closely miss the orc. The orc closely misses you.
Your chain mail prevents you from hitting the orc.
The orc priest calls down the wrath of Beogh upon you.
Beogh smites you! The orc barely misses you.
You sock the orc!
You kill the orc!
You hit the orc priest.
The orc priest is lightly wounded.
The orc priest hits you but does no damage.
You sock the orc priest! You drain the orc priest.
The orc priest is almost dead.
The orc priest mumbles some strange prayers to Beogh against you.
Beogh smites you!
You die...

##....#
#.##..##.##'#.....###
##....###
####'###'#......###.#
.#......#
#......#......#....
.#......#
#......#......#....
.#......#
#......#......#....
.#......#
#......#......#....
.#......#
#......#......'....
.#......#
#......#......#....
##.....##
##@##..#......#...#
##.....##
#o######.....##'##
........# #...o.#
#.....#(... ........#
#.....# #.....#....
........# #.....#
#.....#.... ##.##..##
##.$... #)....#.##.
######## #..####
#######.### ....# ...
#.....# ....# ....
#.....#


You could see an orc priest (drained) and an orc.

Vanquished Creatures
  An ogre (D:4)
  A howler monkey (D:4)
  A hound (D:4)
  5 orc priests (D:4)
  4 orc wizards
  A bullfrog skeleton (D:4)
  Jessica (D:3)
  An iguana (D:4)
  2 worker ants
  6 adders
  3 worms
  4 dart slugs
  2 leopard geckos
  23 orcs
  3 ball pythons
  4 giant cockroaches
  5 goblins
  3 hobgoblins
  6 jackals
  A quokka (D:1)
  3 bats
  8 frilled lizards
  12 kobolds
  11 rats
111 creatures vanquished.

Notes
Turn   | Place    | Note
-------+----------+-------------------------------------------
     0 | D:1      | MisterFreud the Gargoyle Monk began the quest for the Orb.
     0 | D:1      | Reached XP level 1. HP: 14/14 MP: 1/1
     6 | D:1      | Noticed a swamp drake
     6 | D:1      | Noticed a polar bear
     7 | D:1      | Noticed a black mamba
     7 | D:1      | Noticed a lindwurm
   470 | D:1      | Reached XP level 2. HP: 18/20 MP: 2/2
  1093 | D:1      | Reached XP level 3. HP: 17/24 MP: 3/3
  1369 | D:2      | Found an opulent altar of Gozag.
  1429 | D:2      | Reached skill level 5 in Fighting
  1622 | D:2      | Reached XP level 4. HP: 25/31 MP: 4/4
  2200 | D:3      | Reached skill level 4 in Maces & Flails
  2226 | D:3      | Reached XP level 5. HP: 28/35 MP: 5/5
  2786 | D:3      | Noticed Jessica
  2789 | D:3      | Killed Jessica
  2789 | D:3      | Reached skill level 5 in Maces & Flails
  3268 | D:4      | Reached XP level 6. HP: 40/40 MP: 6/6
  3547 | D:3      | Reached skill level 6 in Maces & Flails
  3687 | D:4      | Reached XP level 7. HP: 44/44 MP: 7/7
  4096 | D:4      | HP: 1/44 [orc priest/divine providence (17)]
  4375 | D:4      | Reached skill level 5 in Armour
  4645 | D:4      | Found a glowing silver altar of Zin.
  4791 | D:4      | Killed from afar by an orc priest

Illustrated notes

Levels and vault maps discovered:
D:1:      onia_arrival_zoo_common, layout_basic, minivault_26
D:2:      layout_basic, nicolae_gozag_seed_capital, first_ration
D:3:      layout_basic, uniq_jessica
D:4:      layout_gridville, zin_treasury

Skill      XL: |  1  2  3  4  5  6  7 |
---------------+----------------------+-----
Fighting       | 4 5 |  5.0
Maces & Flails | 4 5 6 |  6.5
Armour         | 3 5 |  5.0
Dodging        | |  2.4
Stealth        | |  2.1

Action                   |  1- 3 |  4- 6 |  7- 9 || total
-------------------------+-------+-------+-------++-------
Melee: Mace              |   133 |   155 |       ||   288
       Flail             |       |    44 |    80 ||   124
Throw: Boomerang         |       |     5 |     2 ||     7
  Use: Potion            |       |       |     1 ||     1
 Stab: Sleeping          |    10 |     1 |       ||    11
  Eat: Chunk             |     2 |     7 |     4 ||    13
Armor: Robe              |    51 |    22 |       ||    73
       Chain mail        |       |    82 |    66 ||   148
Dodge: Dodged            |    97 |   103 |    43 ||   243
